 Dungeon Crawl Stone Soup version 0.20.0 (webtiles) character file.

2137 FakerFangirl the Basher (level 9, -3/78 HPs)
             Began as a Purple Draconian Fighter on May 26, 2017.
             Was a Follower of Cheibriados.
             Slain by a wight
             ... wielding a +1 war axe
              (15 damage)
             ... on level 6 of the Dungeon.
             The game lasted 00:07:09 (6027 turns).

FakerFangirl the Basher (Purple Draconian Fighter)  Turns: 6027, Time: 00:07:09

Health: -3/78      AC:  9    Str: 21    XL:     9   Next: 9%
Magic:  9/9        EV: 10    Int: 10    God:    Cheibriados [*.....]
Gold:   263        SH: 10    Dex: 16    Spells: 8/8 levels left

rFire    . . .     SeeInvis .   Y - +3 flail
rCold    . . .     Gourm    .   b - +0 shield
rNeg     . . .     Faith    .   (armour unavailable)
rPois    .         Spirit   .   o - +1 hat
rElec    .         Reflect  .   (no cloak)
rCorr    .         Harm     .   l - +0 pair of gloves
MR       +....                  (no boots)
Stlth    +.........             q - amulet of regeneration
Regen    0.7/turn               (no ring)
MPRegen  0.2/turn               (no ring)

@: lethally poisoned (-3 -> -3), drained, very slow
A: breathe power, unfitting armour, cold-blooded, AC +7
a: Breathe Dispelling Energy, Bend Time, Renounce Religion


You were on level 6 of the Dungeon.
You worshipped Cheibriados.
Cheibriados was aware of your devotion.
You were not hungry.

You visited 1 branch of the dungeon, and saw 6 of its levels.

You collected 263 gold pieces.


Innate Abilities, Weirdness & Mutations

You can breathe bolts of dispelling energy.
Your rich purple scales are hard. (AC +7)
You cannot fit into any form of body armour.
You are cold-blooded and may be slowed by cold attacks.


   Skills:
 + Level 6.7(5.5) Fighting
 - Level 10.0(8.7) Maces & Flails
 - Level 3.0(1.9) Dodging
 - Level 5.1(3.9) Shields


You had 8 spell levels left.
You didn't know any spells.

Inventory:

Hand Weapons
 Y - a +3 flail (weapon)
Missiles
 p - 8 tomahawks (quivered)
Armour
 b - a +0 shield (worn)
 l - a +0 pair of gloves (worn)
 o - a +1 hat (worn)
Jewellery
 q - an amulet of regeneration (around neck)
Wands
 h - a wand of digging (10/24)
 n - a wand of digging (10/24)
Scrolls
 a - 3 scrolls of identify
 j - 3 scrolls of remove curse
Potions
 c - a potion of might
 g - a potion of resistance
 i - a potion of curing
 k - 2 potions of haste
Comestibles
 d - 4 bread rations
 e - 2 royal jellies
 m - 2 fruits

Dungeon Overview and Level Annotations

Branches:
Dungeon (6/15)             Temple (0/1) D:6

Altars:
Ashenzari
Cheibriados
Kikubaaqudgha
Trog
Xom

Shops:
D:6 (

Annotations:
D:6 Sigmund


Message History

Cheibriados appreciates the change of pace.
Your base Maces & Flails skill increases to level 10!
The gnoll barely misses you. The adder bites you.
You are poisoned.
The adder poisons you! The gnoll hits you but does no damage.
You block the wight's attack.
You barely miss the wight.
You tail-slap the wight, but do no damage.
You feel sick. You block the adder's attack. You block the gnoll's attack.
The crimson imp hits you. Something hits you! You block the gnoll's attack.
The wight closely misses you. The adder bites you but does no damage.
The gnoll hits you but does no damage.
A crimson imp comes into view.
The crimson imp shouts!
You sock the wight!
The wight is severely damaged.
The crimson imp blinks!
You block the adder's attack.
The crimson imp blinks!
Something hits you but does no damage. You block the gnoll's attack.
The wight hits you with an enchanted war axe!
You die...

.. .# ## ##g.# ...
#...##.###
#.#.......
#.#.8.8.8.
####g#..}.}..
###@gzg..8.>.8.
#aS¤z{\.5.}.}..
.....#.?g<..8.8.8.
#.#########.......
¤. ###.### #


You could see a gnoll sergeant, a worker ant, 2 wights, 3 gnolls, a crimson imp
and an adder.

Vanquished Creatures
  Pikel (D:4)
  The ghost of Gamesmaster the Bolt Thrower, a novice KoHu (D:4)
  The ghost of Traror the Tormented, an amateur DsNe of Kikubaaqudgha (D:3)
  2 ogres (D:4)
  A phantom (D:4)
  A centaur (D:5)
  3 wights (D:6)
  3 crimson imps (D:4)
  2 hounds
  2 jellies (D:5)
  2 orc priests
  A centaur skeleton (D:4)
  2 orc wizards
  An iguana (D:3)
  Terence (D:3)
  7 worker ants
  A hound zombie (D:5)
  A worker ant zombie (D:5)
  4 adders (D:4)
  6 gnolls (D:4)
  An ooze (D:2)
  An adder skeleton (D:4)
  3 worms
  A dart slug (D:1)
  5 leopard geckos
  17 orcs
  2 ball pythons
  10 bats
  4 giant cockroaches
  2 goblins
  11 hobgoblins
  14 jackals
  2 quokkas
  9 frilled lizards
  9 kobolds
  A leopard gecko skeleton (D:5)
  A quokka skeleton (D:5)
  7 rats
143 creatures vanquished.

Vanquished Creatures (others)
  A slave (D:4)
  A hound (D:4)
2 creatures vanquished.

Grand Total: 145 creatures vanquished

Notes
Turn   | Place    | Note
-------+----------+-------------------------------------------
     0 | D:1      | FakerFangirl the Draconian Fighter began the quest for the Orb.
     0 | D:1      | Reached XP level 1. HP: 19/19 MP: 1/1
     0 | D:1      | 0 ||| counter = 45
   306 | D:1      | Reached XP level 2. HP: 8/26 MP: 2/2
   308 | D:1      | HP: 4/26 [jackal (3)]
   584 | D:1      | 584 ||| Stepping ~*~*~tactically~*~*~ (outnumbered).
   585 | D:1      | 585 ||| Stepping ~*~*~tactically~*~*~ (outnumbered).
   589 | D:1      | Reached skill level 3 in Maces & Flails
   895 | D:1      | Reached XP level 3. HP: 31/31 MP: 3/3
  1129 | D:1      | 1129 ||| READING scroll labeled LUNLIWK GEQYRO.
  1130 | D:1      | 1130 ||| READING scroll labeled VUV WUNAADGH.
  1131 | D:1      | 1131 ||| READING scroll labeled TEKHLE AWATSEMOTE.
  1132 | D:1      | 1132 ||| DRINKING 2 murky green potions.
  1356 | D:2      | Reached skill level 4 in Maces & Flails
  1973 | D:2      | Found a bloodstained altar of Trog.
  2061 | D:2      | 2061 ||| READING scroll labeled FUON OTEURROAFA.
  2062 | D:2      | 2062 ||| DRINKING 2 smoky white potions.
  2063 | D:2      | 2063 ||| READING 2 scrolls of identify.
  2063 | D:2      | 2063 ||| IDENTIFYING bubbling silvery potion
  2064 | D:2      | 2064 ||| DROPPING potion of invisibility.
  2097 | D:3      | 2097 ||| STAIRDANCE
  2100 | D:2      | Reached XP level 4. HP: 34/38 MP: 4/4
  2191 | D:3      | 2191 ||| READING scroll of enchant weapon.
  2191 | D:3      | 2191 ||| ENCHANTING +1 flail.
  2248 | D:3      | HP: 8/38 [iguana (7)]
  2249 | D:3      | HP: 2/38 [iguana (7)]
  2585 | D:3      | Noticed Traror's ghost (amateur DsNe)
  2605 | D:3      | HP: 9/38 [orc/club (3)]
  2607 | D:3      | Killed Traror's ghost
  2607 | D:3      | Reached skill level 6 in Maces & Flails
  2607 | D:3      | Reached XP level 5. HP: 10/45 MP: 5/5
  2611 | D:3      | HP: 8/45 [orc/club (3)]
  2616 | D:3      | HP: 8/45 [orc/club (1)]
  2617 | D:3      | HP: 3/45 [orc/club (5)]
  2903 | D:3      | 2903 ||| SWAPPING to runed mace.
  2904 | D:3      | 2904 ||| SWAPPING to +2 flail.
  2905 | D:3      | 2905 ||| DROPPING +2 mace of crushing.
  2994 | D:3      | Noticed Terence
  3006 | D:3      | Killed Terence
  3006 | D:3      | Reached XP level 6. HP: 52/52 MP: 6/6
  3333 | D:3      | 3333 ||| READING scroll labeled ZOIGEO FEEDY.
  3334 | D:3      | 3334 ||| READING scroll labeled VAANLI VINALI.
  3335 | D:3      | 3335 ||| READING scroll labeled AWKIRE ATHRIEST.
  3336 | D:3      | 3336 ||| DRINKING 2 red potions.
  3337 | D:3      | 3337 ||| DRINKING 2 emerald potions.
  3338 | D:3      | 3338 ||| READING 3 scrolls of identify.
  3338 | D:3      | 3338 ||| IDENTIFYING square bronze amulet
  3339 | D:3      | 3339 ||| UPGRADING to amulet of regeneration.
  3340 | D:3      | 3340 ||| DROPPING potion of brilliance.
  3341 | D:3      | 3341 ||| DROPPING wand of flame (?/48).
  3496 | D:4      | 3496 ||| READING scroll of enchant weapon.
  3496 | D:4      | 3496 ||| ENCHANTING +2 flail.
  3737 | D:4      | Noticed Gamesmaster's ghost (novice KoHu)
  3838 | D:4      | Found a shimmering altar of Xom.
  3921 | D:4      | 3921 ||| Stepping ~*~*~tactically~*~*~ (outnumbered).
  3932 | D:4      | Reached skill level 7 in Maces & Flails
  3994 | D:4      | Noticed Pikel
  3994 | D:4      | Noticed a slave
  3996 | D:4      | Noticed a slave
  3996 | D:4      | Noticed a slave
  4001 | D:4      | Noticed a slave
  4013 | D:4      | Killed Pikel
  4013 | D:4      | Reached skill level 9 in Maces & Flails
  4013 | D:4      | Your scales start taking on a rich purple colour.
  4013 | D:4      | Reached XP level 7. HP: 38/59 MP: 7/7
  4071 | D:4      | Reached XP level 8. HP: 66/66 MP: 8/8
  4458 | D:4      | Killed Gamesmaster's ghost
  4458 | D:4      | Reached skill level 6 in Fighting
  4652 | D:4      | 4652 ||| UPGRADING to runed hat.
  4657 | D:4      | 4657 ||| UPGRADING to moonstone ring.
  4658 | D:4      | 4658 ||| REMOVING ring of flight.
  4659 | D:4      | 4659 ||| DROPPING ring of flight.
  4660 | D:4      | 4660 ||| READING 3 scrolls of identify.
  4660 | D:4      | 4660 ||| IDENTIFYING bubbling ruby potion
  4661 | D:4      | 4661 ||| DROPPING potion of berserk rage.
  4685 | D:5      | Entered Level 5 of the Dungeon
  4689 | D:5      | 4689 ||| STAIRDANCE
  4696 | D:5      | 4696 ||| STAIRDANCE
  4720 | D:5      | Found a snail-covered altar of Cheibriados.
  4725 | D:5      | Found a shattered altar of Ashenzari.
  4729 | D:5      | Became a worshipper of Cheibriados the Contemplative
  4867 | D:5      | Reached skill level 3 in Dodging
  5361 | D:5      | Reached * piety under Cheibriados
  5512 | D:5      | Reached XP level 9. HP: 78/78 MP: 9/9
  5592 | D:5      | Found an ancient bone altar of Kikubaaqudgha.
  5945 | D:5      | 5945 ||| UPGRADING to pair of gloves.
  5950 | D:5      | 5950 ||| READING scroll labeled JUUKHL IWAKH.
  5954 | D:5      | 5954 ||| READING 4 scrolls of identify.
  5954 | D:5      | 5954 ||| IDENTIFYING ruby potion
  5955 | D:5      | 5955 ||| DROPPING potion of degeneration.
  6000 | D:5      | 6000 ||| EATING 3 royal jellies.
  6007 | D:6      | Found Jacep's Antique Weapon Shop.
  6007 | D:6      | Found a staircase to the Ecumenical Temple.
  6007 | D:6      | Noticed Sigmund
  6012 | D:6      | 6012 ||| Stepping ~*~*~tactically~*~*~ (outnumbered).
  6013 | D:6      | 6013 ||| Stepping ~*~*~tactically~*~*~ (outnumbered).
  6014 | D:6      | 6014 ||| Stepping ~*~*~tactically~*~*~ (outnumbered).
  6015 | D:6      | 6015 ||| Stepping ~*~*~tactically~*~*~ (outnumbered).
  6025 | D:6      | Reached skill level 10 in Maces & Flails
  6026 | D:6      | HP: 18/78 [crimson imp (2)]
  6027 | D:6      | Slain by a wight

Vault maps used:
D:1:      noname_arrival_rooms_in_the_neighbourhood, minmay_tetromino_o2
D:2:      lightli_temple_of_fire
D:3:      first_bread, uniq_terence
D:4:      led_xom_imps, uniq_pikel
D:5:      grunt_temple_overflow_open, overflow_temple_1_default
D:6:      grunt_temple_overflow_lords_of_destruction,
          minmay_temple_entry_statues_fountains, serial_shops, shop,
          uniq_blork_the_orc, uniq_eustachio, uniq_sigmund, uniq_menkaure

Skill      XL: |  1  2  3  4  5  6  7  8  9 |
---------------+----------------------------+-----
Maces & Flails | 3 4 6 9 10 | 10.0
Fighting       | 4 6 |  6.7
Shields        | 5 |  5.1
Dodging        | 3 |  3.0

Action                   |  1- 3 |  4- 6 |  7- 9 || total
-------------------------+-------+-------+-------++-------
Melee: Flail             |   157 |   155 |   142 ||   454
       Tailslap          |    16 |    17 |    20 ||    53
Throw: Tomahawk          |       |    27 |    40 ||    67
  Use: Scroll            |     5 |     6 |     3 ||    14
       Potion            |     2 |     2 |       ||     4
  Eat: Chunk             |     4 |     6 |     5 ||    15
       Royal jelly       |       |       |     1 ||     1
Armor: Skin              |    44 |    34 |    29 ||   107
Dodge: Dodged            |    62 |    49 |    61 ||   172
Block: Shield            |    81 |    68 |    68 ||   217
